 Dungeon Crawl Stone Soup version 0.30-a0-304-gdc4b735fe1 (webtiles) character file.

Game seed: 6465844163798660107

33 GreatBamboolord the Sneak (level 3, 0/22 HPs)
             Began as a Kobold Brigand on Oct 20, 2022.
             Slain by Natasha (1 damage)
             ... on level 2 of the Dungeon.
             The game lasted 00:01:32 (1095 turns).

GreatBamboolord the Sneak (Kobold Brigand)          Turns: 1095, Time: 00:01:32

Health: 0/22       AC:  3    Str:  8    XL:     3   Next: 47%
Magic:  3/3        EV: 14    Int: 12    God:
Gold:   21         SH:  0    Dex: 18    Spells: 2/2 levels left

rFire   . . .      SeeInvis .    a - +2 dagger
rCold   . . .      Faith    .    (no shield)
rNeg    . . .      Spirit   .    b - +0 robe
rPois   .          Reflect  .    (no helmet)
rElec   .          Harm     .    c - +0 cloak
rCorr   .          Rampage  .    (no gloves)
Will    .....                    (no boots)
Stlth   ++++......               (no amulet)
HPRegen 0.23/turn                (no ring)
MPRegen 0.08/turn                (no ring)

@: mighty, slowed, very slow
A: small, no large weapons, nightstalker 3
a: no special abilities


You were on level 2 of the Dungeon.
You visited 1 branch of the dungeon, and saw 2 of its levels.

You collected 21 gold pieces.

Inventory:

Hand Weapons
 a - a +2 dagger (weapon)
Missiles
 d - 15 poisoned darts (quivered)
 e - 3 curare-tipped darts
Armour
 b - a +0 robe (worn)
 c - a +0 cloak (worn)
Scrolls
 f - 2 scrolls of fog
 h - 2 scrolls of teleportation
 i - 2 scrolls of blinking
 k - a scroll of poison {unknown}
Potions
 l - a potion of haste {unknown}


   Skills:
 * Level 2.5 Fighting
 * Level 3.4 Short Blades
 - Level 2.1 Throwing
 * Level 1.9 Dodging
 + Level 6.0 Stealth


You had 2 spell levels left.
You didn't know any spells.
Your spell library contained the following spells:

 Spells                   Type           Power      Damage    Failure   Level
 Gell's Gravitas          Tloc           0%         N/A       69%         3
 Teleport Other           Tloc           0%         N/A       69%         3
 Dispersal                Tloc           0%         N/A       100%        6


Dungeon Overview and Level Annotations

Branches:
Dungeon (2/15)

Altars:

Annotations:
D:2 Natasha


Innate Abilities, Weirdness & Mutations

You are small and have problems with some larger weapons.
You are completely attuned to the shadows.


Message History

There is a stone staircase leading up here.
You climb upwards.
There is a stone staircase leading down here.
You start resting.
HP restored.
You climb downwards.
Level annotation: Natasha
There is a stone staircase leading up here.
You see here a scroll labelled RUUCUR TIKKAU.
You hit Natasha.
Natasha is moderately wounded.
Natasha claws you.
You barely miss Natasha.
Natasha is moderately wounded.
Natasha casts a spell at you.
You feel yourself slow down.
You miss Natasha.
Natasha is moderately wounded.
Natasha casts a spell at you. The magic dart hits you!
You hit Natasha.
Natasha is heavily wounded.
Natasha barely misses you.
You hit Natasha but do no damage.
Natasha is heavily wounded.
Natasha claws you.
* * * LOW HITPOINT WARNING * * *
Natasha howls an incantation.
You feel disoriented. Natasha closely misses you.
Unknown command.
You hit Natasha.
Natasha is severely wounded.
Natasha stares at you and mumbles some strange words.
The magic dart hits you.
* * * LOW HITPOINT WARNING * * *
It was a potion of might.
You feel very mighty all of a sudden. Natasha claws you.
You die...

###.#.### #.#
+......... #
#.†....##### ####
#............. ....
#.)..........## ...)
#.#...<.....(.. ....
#.#.###......##. ####
#.#.###...?.....
#......@......
##...h...... #
.#.......... .#.#.
.........########.#.#.
#..................#.
.h....†..............>
................<.....
..####...#######.#.##.
.. ..... #......


You could see Natasha.

Vanquished Creatures
  5 ball pythons (D:1)
  4 endoplasms
  A giant cockroach (D:2)
  A goblin (D:1)
  8 hobgoblins
  3 bats (D:1)
  9 frilled lizards
  A kobold (D:2)
32 creatures vanquished.

Notes
Turn   | Place    | Note
-------+----------+-------------------------------------------
     0 | D:1      | GreatBamboolord the Kobold Brigand began the quest for the
                  | Orb.
     0 | D:1      | Reached XP level 1. HP: 12/12 MP: 1/1
   371 | D:1      | Reached XP level 2. HP: 13/17 MP: 2/2
   435 | D:1      | Found a faded altar of an unknown god.
   607 | D:1      | Reached XP level 3. HP: 22/22 MP: 3/3
   982 | D:2      | Reached skill level 6 in Stealth
  1009 | D:2      | Noticed Natasha
  1094 | D:2      | HP: 1/22 [Natasha/magic dart (5)]
  1095 | D:2      | Slain by Natasha

Illustrated notes

Levels and vault maps discovered:
D:1:      shiori_arrival_oz, layout_basic, ebering_ecumenical_altar_sacrificial,
          minmay_lizard_pond
D:2:      cheibrodos_helix_gallery, layout_basic, uniq_natasha

Skill      XL: |  1  2  3 |
---------------+----------+-----
Short Blades   | 3 |  3.4
Stealth        | 6 |  6.0
Fighting       | |  2.5
Throwing       | |  2.1
Dodging        | |  1.9

Action                   || total
-------------------------++-------
Melee: Dagger            ||    70
  Use: Scroll            ||     5
       Potion            ||     1
 Stab: Sleeping          ||    14
Armor: Robe              ||    12
Dodge: Dodged            ||    31

Table legend: (Time is in decaauts)
 A = Elapsed time spent in this place.
 B = Non-inter-level travel time spent in this place.
 C = Inter-level travel time spent in this place.
 D = Time resting spent in this place.
 E = Time spent auto-exploring this place.
 F = Levels seen in this place.
 G = Mean time per level.
                   A        B        C        D        E       F      G
               +--------+--------+--------+--------+--------+-----+--------+
         Total |   1089 |   1048 |     41 |     41 |    802 |   2 |  544.5 |
       Dungeon |   1089 |   1048 |     41 |     41 |    802 |   2 |  544.5 |
               +--------+--------+--------+--------+--------+-----+--------+

Top non-repeatable levels by time:
     D:1: 932 daAuts
     D:2: 156 daAuts
